 Dungeon Crawl Stone Soup version 0.25-a0-700-g7f8a7979f0 (webtiles) character file.

Game seed: 13191224852127686500, levelgen mode: deterministic

117156 kae the Alchemist (level 16, -4/126 HPs)
             Began as a Grey Draconian Transmuter on Apr 2, 2020.
             Was the Champion of Hepliaklqana.
             Shot with an arrow by a naga sharpshooter (21 damage)
             ... led by Vashnia
             ... on level 2 of the Snake Pit.
             The game lasted 00:48:30 (35735 turns).

kae the Alchemist (Grey Draconian Transmuter)      Turns: 35735, Time: 00:48:31

Health: -4/126     AC: 20    Str: 14    XL:     16   Next: 22%
Magic:  20/20      EV: 20    Int: 27    God:    Hepliaklqana [******]
Gold:   1763       SH:  0    Dex: 11    Spells: 5/33 levels left

rFire    . . .     SeeInvis .     - Unarmed
rCold    . . .     Gourm    .   (no shield)
rNeg     . . .     Faith    .   (armour unavailable)
rPois    +         Spirit   .   (helmet restricted)
rElec    +         Reflect  .   S - +2 cloak
rCorr    .         Harm     .   (no gloves)
MR       +....                  b - +2 pair of boots
Stlth    ..........             M - amulet "Foked" {RegenMP +Fly Int+3}
HPRegen  0.31/turn              Z - ring "Mevvi" {rElec rPois MP-9 Int+4 Stlth-}
MPRegen  0.42/turn              g - +5 ring of evasion

@: lethally poisoned (-4 -> -4)
A: walk through water, unfitting armour, reduced essence, horns 1, unbreathing,
evolution 1, cold-blooded, AC +14
a: Recall Ancestor, Ancestor Identity, Transference, Idealise, Renounce
Religion, Evoke Flight


You were on level 2 of the Snake Pit.
You worshipped Hepliaklqana.
Hepliaklqana was exalted by your worship.
You were not hungry.

You visited 4 branches of the dungeon, and saw 24 of its levels.
You also visited: Gauntlet and Ice Cave.

You collected 3059 gold pieces.
You spent 1296 gold pieces at shops.

Inventory:

Missiles
 a - 814 arrows
Armour
 b - a +2 pair of boots (worn)
 S - a +2 cloak (worn)
Jewellery
 g - a +5 ring of evasion (right hand)
 h - an uncursed ring of magical power
 m - an uncursed ring of positive energy
 y - an uncursed ring of resist corrosion
 A - an uncursed ring of protection from fire
 D - an uncursed amulet of guardian spirit
 K - an uncursed ring of ice
 L - an uncursed ring of magical power
 M - the amulet "Foked" (around neck) {RegenMP +Fly Int+3}
   (You found it in a Gauntlet)

   [amulet of magic regeneration]

   It increases your magic regeneration.
   It affects your intelligence (+3).
   It lets you fly.
 N - an uncursed ring of protection from fire
 O - the ring of the Endless Realms {rPois Dex+2, unknown}
   (You found it on level 1 of the Snake Pit)

   [ring of poison resistance]

   It affects your dexterity (+2).
   It protects you from poison.
 Y - a +4 amulet of reflection
 Z - the ring "Mevvi" (left hand) {rElec rPois MP-9 Int+4 Stlth-}
   (You found it on level 2 of the Lair of Beasts)

   [ring of attention]

   It affects your intelligence (+4).
   It insulates you from electricity.
   It protects you from poison.
   It affects your magic capacity (-9).
   It makes you less stealthy.
Wands
 f - a wand of digging (2)
 n - a wand of iceblast (16)
 x - a wand of polymorph (27)
 B - a wand of flame (12)
 C - a wand of enslavement (19)
 E - a wand of paralysis (10)
 Q - a wand of disintegration (31)
 T - a wand of random effects (17)
Scrolls
 d - 4 scrolls of magic mapping
 e - a scroll of enchant weapon
 j - 18 scrolls of teleportation
 q - a scroll of blinking
 w - 12 scrolls of remove curse
 z - 3 scrolls of fear
 P - a scroll of silence
 U - 5 scrolls of identify
 V - 3 scrolls of fog
 X - a scroll of summoning
Potions
 i - 2 potions of mutation
 k - 3 potions of heal wounds
 l - a potion of resistance
 p - a potion of berserk rage
 r - 2 potions of ambrosia
 s - 5 potions of might
 t - 11 potions of curing
 u - 6 potions of brilliance
 v - 6 potions of stabbing
 G - 3 potions of magic
 H - 2 potions of haste
 J - a potion of invisibility
 R - a potion of flight
 W - a potion of lignification
Comestibles
 c - 29 rations


   Skills:
 - Level 12.5 Fighting
 * Level 6.2 Dodging
 - Level 16.0 Unarmed Combat
 - Level 9.0 Spellcasting
 - Level 16.0 Transmutations
 - Level 10.0 Earth Magic
 + Level 4.1 Invocations


You had 5 spell levels left.
You knew the following spells:

 Your Spells              Type           Power        Failure   Level  Hunger
a - Beastly Appendage     Tmut           ######       0%          1    None
b - Sticks to Snakes      Tmut           #######.     0%          2    None
c - Spider Form           Tmut/Pois      ######....   1%          3    None
d - Ice Form              Ice/Tmut       ######..     1%          4    #......
e - Blade Hands           Tmut           #######...   1%          5    ####...
f - Statue Form           Tmut/Erth      ######...    3%          6    ######.
g - Dragon Form           Tmut           #######...   5%          7    #######

Your spell library contained the following spells:

 Spells                   Type           Power        Failure   Level  Hunger
 Petrify                  Tmut/Erth      ######..     1%          4    #......
 Animate Skeleton         Necr           N/A          4%          1    None
 Apportation              Tloc           ##....       4%          1    None
 Corona                   Hex            ##.....      4%          1    None
 Foxfire                  Conj/Fire      ##..         4%          1    None
 Magic Dart               Conj           ##..         4%          1    None
 Shock                    Conj/Air       ##..         4%          1    None
 Summon Butterflies       Summ           ##......     4%          1    None
 Summon Small Mammal      Summ           ##..         4%          1    None
 Alistair's Intoxication  Tmut/Pois      ######..     4%          5    ####...
 Yara's Violent Unravell  Hex/Tmut       ######....   4%          5    ####...
 Searing Ray              Conj           ##....       7%          2    None
 Slow                     Hex            ##......     7%          2    None
 Song of Slaying          Chrm           ##......     7%          2    None
 Swiftness                Chrm/Air       ##......     7%          2    None
 Confusing Touch          Hex            ##......     14%         3    None
 Conjure Flame            Conj/Fire      ##......     14%         3    None
 Dazzling Flash           Conj/Hex       ##....       14%         3    None
 Gell's Gravitas          Tloc           ##........   14%         3    None
 Inner Flame              Hex/Fire       ##......     14%         3    None
 Lesser Beckoning         Tloc           ##........   14%         3    None
 Spectral Weapon          Hex/Chrm       ##......     14%         3    None
 Static Discharge         Conj/Air       ##......     14%         3    None
 Tukima's Dance           Hex            ##......     14%         3    None
 Airstrike                Air            ##........   43%         4    #......
 Cause Fear               Hex            ##........   43%         4    #......
 Fulminant Prism          Conj/Hex       ##........   43%         4    #......
 Iskenderun's Mystic Bla  Conj/Tloc      ##......     43%         4    #......
 Sticky Flame             Conj/Fire      ##......     43%         4    #......
 Excruciating Wounds      Chrm/Necr      ##........   78%         5    ####...
 Fireball                 Conj/Fire      ##........   78%         5    ####...
 Lightning Bolt           Conj/Air       ##........   78%         5    ####...
 Metabolic Englaciation   Hex/Ice        ##........   78%         5    ####...
 Silence                  Hex/Air        ##........   78%         5    ####...
 Iron Shot                Conj/Erth      #####.....   67%         6    ######.
 Invisibility             Hex            ##......     100%        6    ######.
 Dragon's Call            Summ           ##........   100%        9    #######


Dungeon Overview and Level Annotations

Branches:
Dungeon (15/15)            Temple (1/1) D:4            Lair (6/6) D:9
 Shoals (0/4) Lair:4        Snake (2/4) Lair:2        Slime (0/5) Lair:6
    Orc (0/2) D:11         Vaults (0/5) D:14         Depths (0/5) D:15
  IceCv (visited)         Gauntlet (visited)

Altars:
Ashenzari
Cheibriados
Dithmenos
Elyvilon
Fedhas
Gozag
Hepliaklqana
Kikubaaqudgha
Makhleb
Nemelex Xobeh
Okawaru
Qazlal
Ru
Sif Muna
Trog
Uskayaw
Vehumet
Wu Jian
Xom
Yredelemnul
Zin
The Shining One
Beogh

Shops:
D:5 :=(?   D:11 (

Portals:
Trove: D:14 (give 2 scrolls of acquirement)

Annotations:
Snake:2 Nikola


Innate Abilities, Weirdness & Mutations

You can walk through water.
Your dull iron-grey scales are very hard. (AC +14)
You cannot fit into any form of body armour.
You can survive without breathing.
You are cold-blooded and may be slowed by cold attacks.
Your life essence is reduced to manifest your ancestor. (-10% HP)
You have a pair of small horns on your head.
You evolve.


Message History

Things that are here:
2 arrows; a +0 spear; a +0 robe You completely miss the naga sharpshooter.
The naga sharpshooter spits poison at you.
The splash of poison hits you but does no damage.
You resist.
Eanasir hits the naga sharpshooter with a +0 dagger of draining!
Unknown command.
Unknown command.
Unknown command.
As you read the scroll of fear, it crumbles to dust.
You assume a fearsome visage.
The naga sharpshooter resists with some effort.
The naga sharpshooter looks frightened! x2
Eanasir is unaffected.
You feel sick.
Eanasir hits the naga sharpshooter with a +0 dagger of draining.
Eanasir drains the naga sharpshooter.
The naga sharpshooter shoots an arrow.
The arrow hits you!!
You die...

##.# ##### ##.N.
.....##..#
#...)####
#########(.(..#
#.......(.###.....#
#......(..# ####.!.
#.....R(.)# #
#....N.@..#
#.........#
#....N<...#
#.........#
#.........#
###########


You could see the friendly Eanasir the hexer and 3 naga sharpshooters.

Vanquished Creatures
  Vashnia (Snake:2)
  Kirke (Lair:5)
  The ghost of Udauqin the Champion of Chaos, a journeyman DDFi of Makhleb (D:15)
  Nessos (Lair:4)
  A minotaur (Gauntlet)
  An ettin (D:14)
  A great orb of eyes (Gauntlet)
  A fire dragon (Lair:6)
  2 vault guards (D:14)
  The ghost of Feuff the Grim Reaper, a journeyman MiFi of Yredelemnul (Lair:3)
  Erolcha (D:13)
  2 catoblepae
  5 hydras
  A shambling mangrove (Lair:2)
  3 naga warriors (Snake:1)
  2 anacondas
  5 centaur warriors
  A death knight (D:11)
  21 death yaks
  A death scarab (Gauntlet)
  4 two-headed ogres
  A queen ant (Lair:3)
  2 tengu warriors (D:14)
  A shock serpent (Snake:1)
  2 fire crabs (Lair:6)
  Sonja (D:11)
  An unseen horror (D:14)
  An orc knight (D:13)
  A necromancer (IceCv)
  An orc sorcerer (D:14)
  A mana viper (Snake:1)
  18 ugly things
  4 cyclopes
  3 oklob plants
  2 centaur zombies
  4 ice statues (IceCv)
  2 molten gargoyles (Lair:6)
  11 black mambas
  5 centaur skeletons
  4 naga magi
  A torpor snail (Lair:6)
  A gargoyle (Gauntlet)
  3 spiny frogs
  10 komodo dragons
  3 rime drakes
  5 ice devils (IceCv)
  3 freezing wraiths (D:11)
  2 tengu conjurers (D:14)
  5 trolls
  2 hornets (Lair:2)
  A meliai zombie (D:13)
  6 blink frogs
  7 hippogriffs
  A spriggan (D:7)
  3 wraiths
  41 yaks
  A shadow (D:13)
  6 wyverns
  11 humans
  6 basilisks
  A spectral komodo dragon (Gauntlet)
  3 hungry ghosts
  2 vampire mosquitoes (D:14)
  2 hogs (Lair:5)
  Grum (D:9)
  3 steam dragons (Lair:6)
  15 nagas
  6 soldier ants
  12 water moccasins
  2 hell hounds (Lair:6)
  6 porcupines
  10 ice beasts
  2 sky beasts
  4 black bears
  15 orc warriors
  9 ogres
  A phantom (D:8)
  3 boggarts (D:14)
  6 crocodiles
  50 wolves
  19 centaurs
  Blork the orc (D:6)
  3 big kobolds
  11 bullfrogs
  A wyvern zombie (D:12)
  4 scorpions
  4 killer bees (D:10)
  7 wights
  3 electric eels
  3 howler monkeys (D:7)
  8 crimson imps
  4 lava snakes (Lair:6)
  A bullfrog zombie (D:10)
  A hound (D:8)
  A quasit (D:10)
  4 draconian simulacra (IceCv)
  4 jellies
  14 orc priests
  2 bullfrog skeletons
  4 iguanas
  5 orc wizards
  31 worker ants
  4 troll simulacra (IceCv)
  A killer bee zombie (D:8)
  A hound skeleton (D:11)
  2 worker ant zombies
  8 gnolls
  11 adders
  2 ogre simulacra (IceCv)
  3 shadow imps
  2 adder zombies
  3 adder skeletons
  4 worms
  3 leopard geckos
  70 orcs
  15 bats
  3 giant cockroaches
  9 goblins
  6 hobgoblins
  7 jackals
  36 kobolds
  5 quokkas
  A ball python (D:2)
  5 frilled lizards
  A jackal zombie (D:7)
  11 rats
741 creatures vanquished.

Vanquished Creatures (collateral kills)
  2 hydras (Lair:5)
  An anaconda (Snake:1)
  A tengu warrior (D:13)
  An unseen horror (D:10)
  An oklob plant (Lair:2)
  A molten gargoyle (Lair:6)
  A spiny frog (Lair:4)
  A gargoyle (D:10)
  A centaur skeleton (D:12)
  3 komodo dragons
  A hornet (Lair:2)
  2 blink frogs
  4 yaks
  A hog (Lair:5)
  A human (D:14)
  2 hungry ghosts
  A soldier ant (D:13)
  2 water moccasins
  A hell hound (Lair:6)
  An acid dragon (D:12)
  A porcupine (Lair:1)
  3 orc warriors
  2 sky beasts
  3 centaurs
  3 ogres
  A crocodile (Lair:2)
  A wolf (Lair:4)
  A bullfrog (D:7)
  A wight (D:8)
  An electric eel (Lair:6)
  A howler monkey (D:7)
  2 crimson imps
  2 orc priests
  4 worker ants
  2 hound skeletons
  3 adders
  A gnoll (D:7)
  A worm (D:5)
  A leopard gecko (D:6)
  5 orcs
  A giant cockroach (D:5)
  A hobgoblin (D:5)
  A jackal (D:8)
  10 kobolds (D:5)
  A quokka (D:7)
  A plant (Lair:2)
83 creatures vanquished.

Vanquished Creatures (others)
  23 hexers
  An ancestor (D:5)
  A kobold (D:5)
  2 bushes
  12 fungi
  7 plants
  2 withered plants (Lair:3)
48 creatures vanquished.

Grand Total: 872 creatures vanquished

Notes
Turn   | Place    | Note
-------+----------+-------------------------------------------
     0 | D:1      | kae the Draconian Transmuter began the quest for the Orb.
     0 | D:1      | Reached XP level 1. HP: 16/16 MP: 3/3
    94 | D:1      | Reached XP level 2. HP: 21/23 MP: 5/5
   418 | D:1      | Learned a level 2 spell: Sticks to Snakes
   636 | D:2      | Reached XP level 3. HP: 28/28 MP: 4/6
  1238 | D:2      | Reached XP level 4. HP: 9/35 MP: 7/7
  2137 | D:3      | Learned a level 3 spell: Spider Form
  2343 | D:3      | Reached XP level 5. HP: 32/40 MP: 9/9
  2839 | D:4      | Found a staircase to the Ecumenical Temple.
  2939 | Temple   | Entered the Ecumenical Temple
  3023 | Temple   | Became a worshipper of Hepliaklqana the Forgotten
  3599 | D:5      | Entered Level 5 of the Dungeon
  3599 | D:5      | Found Fedaq's Weapon Emporium.
  3599 | D:5      | Found Zetuzucw's Jewellery Boutique.
  3599 | D:5      | Noticed an ogre
  3604 | D:5      | Killed an ogre
  3604 | D:5      | Reached skill level 5 in Unarmed Combat
  3621 | D:5      | Reached XP level 6. HP: 42/42 MP: 5/10
  3623 | D:5      | Found Hysew's Book Shoppe.
  3639 | D:5      | Bought a cursed ring of attention for 67 gold pieces
  3639 | D:5      | Bought a cursed ring of teleportation for 67 gold pieces
  3861 | D:5      | Noticed a water moccasin
  3897 | D:5      | Killed a water moccasin
  3906 | D:5      | Your scales start taking on a dull iron-grey colour.
  3906 | D:5      | Reached XP level 7. HP: 30/46 MP: 9/12
  3906 | D:5      | Gained mutation: You can survive without breathing. [Grey
                  | Draconian growth]
  4680 | D:5      | Reached * piety under Hepliaklqana
  5124 | D:5      | Found Zyxoen's Magic Scroll Emporium.
  5130 | D:5      | Bought a scroll of identify for 30 gold pieces
  5130 | D:5      | Bought a scroll of magic mapping for 52 gold pieces
  5344 | D:5      | Reached XP level 8. HP: 43/53 MP: 10/14
  5644 | D:6      | Reached skill level 5 in Transmutations
  5791 | D:6      | Noticed Blork the orc
  5802 | D:6      | Killed Blork the orc
  5883 | D:6      | Learned a level 4 spell: Ice Form
  5889 | D:6      | Learned a level 5 spell: Blade Hands
  6421 | D:7      | Reached skill level 5 in Spellcasting
  6541 | D:7      | Reached ** piety under Hepliaklqana
  6542 | D:7      | Remembered your ancestor Eanasir as a hexer
  7122 | D:7      | Reached XP level 9. HP: 53/57 MP: 6/17
  8242 | D:8      | Reached skill level 10 in Unarmed Combat
  8462 | D:8      | Found a snail-covered altar of Cheibriados.
  8729 | D:8      | Reached *** piety under Hepliaklqana
  9193 | D:9      | Noticed Grum
  9209 | D:9      | Killed Grum
  9209 | D:9      | Reached XP level 10. HP: 63/63 MP: 16/20
  9442 | D:9      | Found an iron altar of Okawaru.
  9612 | D:9      | Found a staircase to the Lair.
 10054 | D:10     | Entered Level 10 of the Dungeon
 10748 | D:10     | Reached **** piety under Hepliaklqana
 10753 | D:10     | Noticed a gargoyle
 10771 | D:10     | Killed a gargoyle
 11180 | D:10     | Killed an unseen horror
 12103 | Lair:1   | Entered Level 1 of the Lair of Beasts
 12491 | Lair:1   | Reached XP level 11. HP: 52/69 MP: 14/23
 12858 | Lair:1   | Noticed a four-headed hydra
 12866 | Lair:1   | Killed a four-headed hydra
 13858 | Lair:2   | Found a staircase to the Snake Pit.
 13865 | Lair:2   | Reached skill level 10 in Transmutations
 14057 | Lair:2   | Noticed a death yak
 14062 | Lair:2   | Noticed a death yak
 14069 | Lair:2   | Noticed a death yak
 14069 | Lair:2   | Noticed a death yak
 14072 | Lair:2   | Killed a death yak
 14073 | Lair:2   | Noticed a death yak
 14306 | Lair:2   | Reached ***** piety under Hepliaklqana
 14322 | Lair:2   | Reached skill level 5 in Fighting
 14524 | Lair:2   | Reached XP level 12. HP: 60/87 MP: 19/25
 15190 | Lair:3   | Noticed a death yak
 15201 | Lair:3   | Killed a death yak
 15203 | Lair:3   | Noticed a death yak
 15203 | Lair:3   | Noticed a death yak
 15203 | Lair:3   | Noticed a death yak
 15203 | Lair:3   | Noticed a death yak
 15209 | Lair:3   | Killed a death yak
 15216 | Lair:3   | Killed a death yak
 15219 | Lair:3   | Killed a death yak
 15222 | Lair:3   | Killed a death yak
 15659 | Lair:3   | Reached skill level 10 in Fighting
 15830 | Lair:3   | Noticed a queen ant
 15842 | Lair:3   | Killed a queen ant
 16066 | Lair:3   | Found a runed translucent door.
 16066 | Lair:3   | Noticed Feuff's ghost (journeyman MiFi)
 16220 | Lair:4   | Noticed Nessos
 16322 | Lair:4   | Killed Nessos
 16467 | Lair:4   | Found a staircase to the Shoals.
 16903 | Lair:4   | Identified a scroll of acquirement
 17531 | Lair:5   | Noticed an eight-headed hydra
 17593 | Lair:5   | Noticed a death yak
 17593 | Lair:5   | Noticed a death yak
 17597 | Lair:5   | Noticed a death yak
 17604 | Lair:4   | Reached XP level 13. HP: 61/107 MP: 13/26
 17646 | Lair:5   | Noticed Kirke
 17666 | Lair:5   | Killed Kirke
 17674 | Lair:5   | Found a gate leading to a gauntlet.
 17681 | Gauntlet | Entered a Gauntlet
 17681 | Gauntlet | Found a transporter.
 17681 | Gauntlet | Found a transporter.
 17967 | Gauntlet | Found a transporter.
 17971 | Gauntlet | Found a transporter.
 17979 | Gauntlet | Found a transporter.
 17983 | Gauntlet | Found a transporter.
 18004 | Gauntlet | Found a transporter.
 18011 | Gauntlet | Found a transporter.
 18029 | Gauntlet | Found a transporter.
 18033 | Gauntlet | Found a transporter.
 18044 | Gauntlet | Found a transporter.
 18045 | Gauntlet | Found a transporter.
 18596 | Gauntlet | Paralysed by a great orb of eyes for 4 turns
 18642 | Gauntlet | Got a flickering diamond amulet
 18768 | Gauntlet | Noticed a minotaur
 18780 | Gauntlet | Killed a minotaur
 19098 | Lair:5   | HP: 6/128 [death yak (12)]
 19103 | Lair:5   | HP: 6/128 [poisoned by a water moccasin]
 19110 | Lair:5   | HP: 6/128 [poisoned by a water moccasin]
 19118 | Lair:5   | HP: 6/128 [poisoned by a water moccasin]
 20163 | Lair:5   | Reached ****** piety under Hepliaklqana
 20251 | Lair:5   | Identified the Catalogue of Ashen Talismans (You acquired
                  | it on level 5 of the Lair of Beasts)
 20260 | Lair:5   | Learned a level 6 spell: Statue Form
 20273 | Lair:6   | Entered Level 6 of the Lair of Beasts
 20295 | Lair:6   | Reached skill level 1 in Earth Magic
 20801 | Lair:6   | Reached skill level 5 in Earth Magic
 21326 | Lair:6   | Reached XP level 14. HP: 105/114 MP: 21/27
 22304 | Lair:5   | Identified the amulet "Foked" {RegenMP +Fly Int+3} (You
                  | found it in a Gauntlet)
 23541 | Lair:6   | Found a staircase to the Slime Pits.
 24270 | Lair:6   | Found a large runed translucent door.
 24274 | Lair:6   | Found a large runed translucent door.
 24579 | Lair:6   | Identified the Handbook of Harmful Hexes
 24728 | Lair:2   | Reached skill level 10 in Earth Magic
 24982 | D:5      | Bought a book of the Dragon for 1080 gold pieces
 24990 | D:5      | Learned a level 7 spell: Dragon Form
 25233 | D:11     | Found a staircase to the Orcish Mines.
 25877 | D:11     | Found Ilieta's Weapon Emporium.
 25945 | D:11     | Noticed Sonja
 26125 | D:11     | Found a glowing golden altar of the Shining One.
 26169 | D:11     | Killed Sonja
 26364 | D:12     | Found a roughly hewn altar of Beogh.
 26572 | D:12     | Reached skill level 15 in Transmutations
 27788 | D:13     | Found a frozen archway.
 27842 | IceCv    | Entered an ice cave
 29238 | D:13     | Reached XP level 15. HP: 120/120 MP: 28/28
 29296 | D:13     | Noticed Erolcha
 29382 | D:13     | Killed Erolcha
 29607 | D:13     | Found a roughly hewn altar of Beogh.
 30414 | D:14     | Found a gate to the Vaults.
 30481 | D:14     | Found a portal to a secret trove of treasure.
 31134 | D:14     | Gained mutation: You expend magic power (3 MP) to
                  | strengthen your wands. [potion of mutation]
 31134 | D:14     | Gained mutation: You evolve. [potion of mutation]
 31134 | D:14     | Gained mutation: You have a pair of small horns on your
                  | head. [potion of mutation]
 31152 | D:15     | Entered Level 15 of the Dungeon
 31685 | D:15     | Paralysed by an orc sorcerer for 6 turns
 31692 | D:14     | Reached skill level 15 in Unarmed Combat
 32611 | D:15     | Found a large runed translucent door.
 32611 | D:15     | Found a large runed translucent door.
 32612 | D:15     | Noticed Udauqin's ghost (journeyman DDFi)
 32668 | D:15     | Found a staircase to the Depths.
 32816 | D:15     | Killed Udauqin's ghost
 32947 | D:10     | Lost mutation: You expend magic power (3 MP) to strengthen
                  | your wands. [evolution]
 33032 | Lair:3   | Killed Feuff's ghost
 33921 | Lair:2   | Got a shimmering brass ring
 33950 | Lair:2   | Identified the ring "Mevvi" {rElec rPois MP-9 Int+4 Stlth-}
                  | (You found it on level 2 of the Lair of Beasts)
 34058 | Snake:1  | Entered Level 1 of the Snake Pit
 34192 | Snake:1  | Reached skill level 1 in Invocations
 34305 | Snake:1  | Got a faintly glowing bronze ring
 34377 | Snake:1  | Reached XP level 16. HP: 126/126 MP: 20/29
 34735 | Snake:1  | Reached skill level 5 in Dodging
 35624 | Snake:2  | Noticed Vashnia
 35624 | Snake:2  | Noticed Nikola
 35725 | Snake:2  | Killed Vashnia
 35735 | Snake:2  | Shot with an arrow by a naga sharpshooter

Levels and vault maps discovered:
D:1:      saegor_arrival_simple_c, layout_rooms
D:2:      minmay_diamond_boxcup, layout_basic
D:3:      layout_rooms
D:4:      layout_loops_cross, minmay_temple_entry_waves, first_ration
D:5:      minmay_goblin_kobold_castle, layout_gridville, serial_shops,
          shop_scrolls, nicolae_shop_stone, shop, shop, minivault_11
D:6:      layout_rooms, roderic_roman_lattice, uniq_blork_the_orc
D:7:      layout_cave_pods, the_bakery
D:8:      layout_basic, basic_altar
D:9:      layout_long_grid, okawaru_humans, dpeg_oklobed_lair, uniq_grum
D:10:     layout_gridville
D:11:     layout_rooms, orc_0_dummy, serial_shops, nicolae_shop_trees,
          minivault_24, fountainhead, tso_altar, uniq_sonja
D:12:     layout_cave_pods, special_room [special_room_orc]
D:13:     layout_basic, portal_ice_cave_entry_ice_beasts, special_room
          [special_room_orc], uniq_erolcha
D:14:     layout_basic, ximxim_vaults_locker_room, nicolae_trove_entry_crossroad
D:15:     hangedman_depths_entry_civil_slaughter, layout_cave_pools,
          ebering_ghost_disaster_area, minmay_misc_feat_chi
Temple:   compressed_dpeg_circular_temple
Lair:1:   layout_gridlike, grunt_megastairs_4
Lair:2:   layout_big_grid, guppyfry_snake_entry_garden,
          minmay_lair_oklob_chamber
Lair:3:   layout_chaotic_city, gammafunk_ghost_grave, zaba_antful_of_joy
Lair:4:   layout_roguey, elwin_shoals_entry_rooms, grunt_forest_large_clearings,
          uniq_nessos
Lair:5:   layout_regular_city, gauntlet_entry_generic,
          infiniplex_staircase_pool_2, grunt_megastairs_3, serial_bayou_shore_a,
          lemuel_fruit_tree, uniq_kirke
Lair:6:   cheibrodos_lair_end_hotspot, layout_long_grid,
          minmay_slime_entry_oklob_enclosed, infiniplex_staircase_pool
Snake:1:  layout_layer_cave
Snake:2:  layout_rooms, uniq_vashnia, uniq_nikola

Skill      XL: |  1  2  3  4  5  6  7  8  9 10 11 12 13 14 15 16 |
---------------+-------------------------------------------------+-----
Unarmed Combat | 4 5 6 7 9 10 12 13 16 | 16.0
Transmutations | 3 4 6 7 8 10 13 16 | 16.0
Spellcasting   | 3 4 5 6 8 9 |  9.0
Fighting       | 6 12 | 12.5
Earth Magic    | 6 10 | 10.0
Dodging        | 4 6 |  6.2
Invocations    | 1 4 |  4.1

Action                   |  1- 3 |  4- 6 |  7- 9 | 10-12 | 13-15 | 16-18 || total
-------------------------+-------+-------+-------+-------+-------+-------++-------
Melee: Unarmed           |   158 |   161 |   384 |   566 |  1110 |    55 ||  2434
       Kick              |     3 |       |       |       |       |       ||     3
       Tailslap          |    12 |     7 |    19 |    33 |    99 |     3 ||   173
       Headbutt          |    12 |     4 |     1 |     3 |    30 |     3 ||    53
       Punch             |     1 |     2 |     3 |    17 |    57 |     2 ||    82
       Bite              |       |       |       |       |     2 |     1 ||     3
 Cast: Beastly Appendage |    20 |     9 |     1 |     4 |     1 |       ||    35
       Spider Form       |       |     8 |    23 |     2 |       |       ||    33
       Ice Form          |       |       |     9 |    19 |    16 |       ||    44
       Blade Hands       |       |       |     1 |    20 |    26 |     1 ||    48
       Statue Form       |       |       |       |       |    37 |       ||    37
       Dragon Form       |       |       |       |       |     2 |     3 ||     5
Invok: Ancestor Life: He |       |       |     1 |       |       |       ||     1
       Recall Ancestor   |       |       |       |       |     2 |       ||     2
 Abil: End Transformatio |       |       |       |       |     2 |       ||     2
Evoke: Wand              |       |       |       |     4 |    31 |       ||    35
  Use: Scroll            |       |     1 |    16 |     8 |    19 |     1 ||    45
       Potion            |       |     1 |     3 |       |     2 |       ||     6
 Stab: Sleeping          |     1 |       |     1 |     1 |     1 |       ||     4
       Distracted        |       |       |     2 |     1 |     9 |       ||    12
       Confused          |       |       |       |     3 |     6 |       ||     9
       Paralysed         |       |       |       |       |     3 |       ||     3
  Eat: Chunk             |     1 |     6 |    24 |    27 |    44 |     2 ||   104
       Ration            |       |     1 |       |     2 |    11 |     2 ||    16
Armor: Skin              |    58 |    20 |    41 |   145 |   625 |    20 ||   909
Dodge: Dodged            |   169 |   168 |   337 |   420 |  1028 |    30 ||  2152
Block: Other             |       |    14 |    48 |    20 |       |       ||    82
       Reflection        |       |     2 |     6 |     2 |       |       ||    10

Table legend:
 A = Non-vault XP
 B = Vault XP
 C = Vault XP percentage of total XP
 D = Non-vault monster count
 E = Vault monster count
 F = Vault count percentage of total count
                 A         B        C        D         E       F
            +---------+---------+-------+---------+---------+-------
      Total |  111083 |   56283 |  33.6 |     554 |     269 |  32.7
            +---------+---------+-------+---------+---------+-------
        D:1 |      58 |       0 |   0.0 |      28 |       0 |   0.0
        D:2 |      37 |      15 |  28.8 |      16 |       7 |  30.4
        D:3 |     108 |       0 |   0.0 |      21 |       0 |   0.0
        D:4 |       7 |       0 |   0.0 |       2 |       0 |   0.0
        D:5 |     999 |     254 |  20.3 |      26 |      42 |  61.8
        D:6 |     205 |     100 |  32.8 |       9 |       1 |  10.0
        D:7 |    1286 |     220 |  14.6 |      29 |       1 |   3.3
        D:8 |    1321 |       0 |   0.0 |      34 |       0 |   0.0
        D:9 |    1456 |    1021 |  41.2 |      18 |       7 |  28.0
       D:10 |    2747 |       0 |   0.0 |      24 |       0 |   0.0
       D:11 |    5408 |     802 |  12.9 |      31 |       1 |   3.1
       D:12 |    6447 |    1187 |  15.5 |      54 |      20 |  27.0
       D:13 |    4837 |    3606 |  42.7 |      28 |      33 |  54.1
       D:14 |   13803 |    8748 |  38.8 |      35 |      18 |  34.0
       D:15 |   10378 |    1515 |  12.7 |      25 |       1 |   3.8
     Lair:1 |    5354 |     436 |   7.5 |      26 |       1 |   3.7
     Lair:2 |   10445 |    3487 |  25.0 |      38 |       8 |  17.4
     Lair:3 |    5094 |    3521 |  40.9 |      10 |      33 |  76.7
     Lair:4 |    3103 |    5496 |  63.9 |      13 |      37 |  74.0
     Lair:5 |    7654 |    2746 |  26.4 |      15 |       4 |  21.1
     Lair:6 |   15353 |    7846 |  33.8 |      38 |      27 |  41.5
    Snake:1 |   12716 |       0 |   0.0 |      30 |       0 |   0.0
    Snake:2 |    2267 |    5451 |  70.6 |       4 |       1 |  20.0
      IceCv |       0 |    4455 | 100.0 |       0 |      20 | 100.0
   Gauntlet |       0 |    5377 | 100.0 |       0 |       7 | 100.0
            +---------+---------+-------+---------+---------+-------
